 Dungeon Crawl Stone Soup version 0.29.1-14-g9c671dbff4 (webtiles) character file.

Game seed: 18123743756115146687

109 hawla the Firebug (level 5, -2/38 HPs)
             Began as a Meteoran Fire Elementalist on Feb 12, 2023.
             Slain by Menkaure (22 damage)
             ... on level 4 of the Dungeon.
             The game lasted 00:03:58 (579 turns).

hawla the Firebug (Meteoran Fire Elementalist)       Turns: 579, Time: 00:03:59

Health: -2/38      AC:  2    Str:  9    XL:     5   Next: 37%
Magic:  1/10       EV: 12    Int: 19    God:
Gold:   53         SH:  0    Dex: 14    Spells: 3/10 levels left

rFire   . . .      SeeInvis .   (no weapon)
rCold   . . .      Faith    .   (no shield)
rNeg    . . .      Spirit   .   a - +0 robe
rPois   .          Reflect  .   (no helmet)
rElec   .          Harm     .   (no cloak)
rCorr   .          Rampage  .   (no gloves)
Will    .....                   (no boots)
Stlth   +.........              (no amulet)
HPRegen 0.12/turn               (no ring)
MPRegen 0.12/turn               (no ring)

@: on berserk cooldown, slowed, glowing, very slow
A: sense surroundings 1, otherworldly, glowing, explore regen
a: no special abilities


You were on level 4 of the Dungeon.
You visited 1 branch of the dungeon, and saw 4 of its levels.

You collected 53 gold pieces.

Inventory:

Armour
 a - a +0 robe (worn)
 h - a +0 helmet
Wands
 e - a wand of charming (7)
 f - a wand of polymorph (9) (quivered)
Scrolls
 g - a scroll of silence {unknown}
Potions
 d - a potion of mutation {unknown}


   Skills:
 - Level 2.8 Dodging
 - Level 1.4 Stealth
 - Level 3.2 Spellcasting
 + Level 3.8 Conjurations
 - Level 4.8 Fire Magic


You had 3 spell levels left.
You knew the following spells:

 Your Spells              Type           Power      Damage    Failure   Level
a - Foxfire               Conj/Fire      76%        2x1d7     2%          1
b - Scorch                Fire           42%        2d7       3%          2
c - Flame Wave            Conj/Fire      19%        2d7       26%         4

Your spell library contained the following spells:

 Spells                   Type           Power      Damage    Failure   Level
 Conjure Flame            Conj/Fire      19%        6-21      8%          3
 Inner Flame              Hex/Fire       12%        N/A       17%         3


Dungeon Overview and Level Annotations

Branches:
Dungeon (4/15) Zot: 1821
 Temple: D:4-7

Altars:
Makhleb
Yredelemnul

Annotations:
D:4 Menkaure


Innate Abilities, Weirdness & Mutations

You passively map a small area around you.
You are easily found by Zot.
You glow in the dark.
You regain HP and MP as you explore.


Message History

h - a +0 helmet
Casting: Scorch (safe; 3% risk of failure)
Confirm with . or Enter, or press ? or * to list all spells.
You conjure some foxfire!
It was a potion of heal wounds.
You feel much better.
The foxfire hits Menkaure.
Menkaure is burned terribly!
Menkaure is lightly damaged.
The foxfire hits Menkaure!
Menkaure is burned terribly!
Menkaure is heavily damaged.
It was a potion of berserk rage.
A red film seems to cover your vision as you go berserk!
You feel yourself moving faster!
You feel mighty!
You feel a strong urge to attack something.
Items here: ))) †††.
You barely miss Menkaure.
Menkaure is heavily damaged.
Menkaure calls on the powers of darkness!
Your body is wracked with pain!
You punch Menkaure!
Menkaure is almost destroyed.
You hit Menkaure.
Menkaure is almost destroyed.
Menkaure casts a spell.
Menkaure seems to speed up.
You closely miss Menkaure.
Menkaure is almost destroyed.
Menkaure points at you and mumbles some strange words.
You struggle to resist.
You barely miss Menkaure.
Menkaure is almost destroyed.
You hit Menkaure.
Menkaure is almost destroyed.
You are no longer berserk.
You are exhausted.
You feel yourself slow down. Menkaure closely misses you.
You barely miss Menkaure.
Menkaure is almost destroyed.
Menkaure hits you!!
Ouch! That really hurt!
You die...

* * , * * ...#
..... * ,
,..#.....# *
..#.....* , , ,,
......# * ,
**######.#... , ,
* #.. ....#
##'###.####...#, *
*#.......M@.)†.#.#
,..#<).))).)...# *
, ##.##########
#.# ,, , , #.# ,
** * , #.# ,, ,, ,
#.# * , , * #.# *,
* #.#, ,* **


You could see Menkaure (fast).

Vanquished Creatures
  Terence (D:2)
  Robin (D:4)
  An adder (D:2)
  4 gnolls (D:3)
  A bat (D:3)
  An endoplasm (D:2)
  5 hobgoblins
  A ball python (D:3)
  A frilled lizard (D:2)
  11 goblins
  A rat (D:2)
  A spectral hobgoblin (D:1)
29 creatures vanquished.

Vanquished Creatures (others)
  63 foxfires
  A fungus (D:2)
64 creatures vanquished.

Grand Total: 93 creatures vanquished

Notes
Turn   | Place    | Note
-------+----------+-------------------------------------------
     0 | D:1      | hawla the Meteoran Fire Elementalist began the quest for
                  | the Orb.
     0 | D:1      | Reached XP level 1. HP: 14/14 MP: 5/5
   276 | D:2      | Reached skill level 4 in Fire Magic
   316 | D:2      | Reached XP level 2. HP: 20/20 MP: 6/6
   319 | D:2      | Learned a level 2 spell: Scorch
   349 | D:2      | Noticed Terence
   361 | D:2      | Reached XP level 3. HP: 26/26 MP: 6/8
   362 | D:2      | Killed Terence
   363 | D:2      | Reached XP level 4. HP: 33/33 MP: 6/9
   368 | D:2      | Learned a level 4 spell: Flame Wave
   459 | D:3      | Found a burning altar of Makhleb.
   483 | D:3      | Reached XP level 5. HP: 15/38 MP: 0/10
   515 | D:3      | Found a basalt altar of Yredelemnul.
   543 | D:4      | Noticed Robin
   565 | D:4      | Killed Robin
   566 | D:4      | Noticed Menkaure
   579 | D:4      | Slain by Menkaure

Illustrated notes

Levels and vault maps discovered:
D:1:      dpeg_arrival_circle_labyrinth_c, layout_loops_corners,
          dreamdust_ecumenical_altar_drowned_temple
D:2:      layout_basic, dreamdust_mushroom_princess, uniq_terence
D:3:      layout_basic, mainiacjoe_overflow_cross_hatched, lemuel_round_altar,
          gup_sewer_entry_glass
D:4:      layout_basic, lemuel_crystal_altar, nicolae_tso_carved_into_rock,
          uniq_grinder, uniq_menkaure, uniq_robin

Skill      XL: |  1  2  3  4 |
---------------+-------------+-----
Fire Magic     | 4 |  4.8
Spellcasting   | 3 |  3.2
Conjurations   | 3 |  3.8
Dodging        | |  2.8
Stealth        | |  1.4

Action                   |  1- 3 |  4- 6 || total
-------------------------+-------+-------++-------
Melee: Unarmed           |     7 |    10 ||    17
 Cast: Foxfire           |    16 |    18 ||    34
       Scorch            |     1 |     6 ||     7
       Flame Wave        |       |     1 ||     1
  Use: Potion            |     1 |     3 ||     4
       Scroll            |       |     1 ||     1
Armor: Skin              |     9 |       ||     9
       Robe              |     1 |     1 ||     2
Dodge: Dodged            |     5 |     2 ||     7
